Map: Vanguard - Karina

Players

Taurino

  • Race: Terran Terran
  • Spawn Location: 5:00

Player 2 - Winner!

  • Race: Protoss Protoss
  • Spawn Location: 11:00

VOD

Have the link to the VOD?

Description

Time

  • Played on: Nov. 11, 2017, 12:59 p.m.
  • Length: 11:34
Show
View Real Time Build Order
Export as new Build Order

Taurino Terran 

Build Orders: Reaper Expand, Bio Tank 

Get SALT Encoding   

    0:17  Unknown x4  
    0:29  Unknown  
    1:05  SCV  
    1:11  Command Center  
    1:16  Unknown  
    1:25  Refinery  
    1:44  Reaper  
    1:54  Barracks  
    2:08  Refinery  
    2:24  Unknown x3  
    2:35  SCV x6  
    2:39  Marine x2  
    2:41  Marine x2  
    2:46  Unknown x4  
    2:49  Unknown x8  
  6  2:51  Unknown x8  
  6  2:52  Marine x2  
  12  3:02  Unknown x8  
  18  3:15  Unknown  
  18  3:17  Marine x4  
  18  3:27  Unknown x14  
  30  3:49  Factory  
  30  3:55  Refinery  
  30  4:05  Unknown x4  
  27  4:20  Stimpack  
  27  4:37  Unknown x8  
  27  4:38  Starport  
  27  4:40  Unknown x14  
  27  4:46  Banshee x3  
  27  4:48  Unknown x7  
  45  4:55  Unknown x2  
  45  4:58  Unknown x7  
  51  5:03  Unknown  
  51  5:04  Unknown x4  
  51  5:08  Unknown x7  
  51  5:13  Unknown x5  
  51  5:18  Unknown x11  
  48  5:26  Unknown x32  
  72  5:44  SCV  
  72  6:02  Command Center  
  72  6:07  Unknown  
  72  6:18  Armory  
  72  6:51  Refinery  
  72  6:53  Barracks  
  72  6:57  Marine x2  
  72  7:07  Unknown x6  
  78  7:13  Barracks  
  78  7:21  Combat Shields  
  78  7:26  SCV x6  
  78  7:40  SCV  
  78  7:45  Unknown x4  
  78  7:56  Factory  
  78  8:05  Unknown x4  
  78  8:09  Siege Tank  
  78  8:16  Unknown  
  78  8:21  Marine x4  
  78  8:22  Marine x6  
  78  8:31  Unknown x16  
  78  8:32  Unknown x24  
  78  8:34  Unknown x4  
  116  8:44  Unknown x8  
  116  8:54  Siege Tank  
  116  8:58  Marine x6, Siege Tank  
  116  9:08  Unknown x16  
  116  9:09  Unknown x8  
  134  9:16  Unknown x12  
  134  9:18  Unknown x3  
  134  9:19  Unknown x7  
  155  9:24  Unknown x7  
  163  9:31  Unknown x3  
  163  9:33  Unknown  
  163  9:35  SCV  
  163  9:50  Siege Tank x2  
  163  10:15  Unknown x11  
  179  10:27  Barracks  
  179  10:58  Siege Tank x5  
  179  11:19  Unknown x4  
  179  11:55  Marine x4  
  179  12:05  Unknown x16  
  179  12:09  Barracks  
  191  12:11  Factory, Barracks  
  191  12:15  SCV  
  191  12:22  Command Center  
  191  12:25  Siege Tank x5  
  191  12:27  Unknown  
  191  12:28  Refinery  
  191  12:37  SCV  
  191  12:41  SCV  
  191  12:46  Engineering Bay  
  191  12:50  Siege Tank x3, Unknown x8  
  191  12:51  Unknown x4  
  191  12:57  Barracks  
  191  12:59  Unknown x8  
  203  13:01  Unknown x4  
  203  13:03  Marine x4, Unknown x4  
  203  13:05  Unknown x2  
  203  13:06  Unknown  
  203  13:13  Unknown x16  
  203  13:14  Unknown x8  
  203  13:15  Unknown x14  
  203  13:16  Unknown x7  
  203  13:17  Unknown x4  
  255  13:22  Missile Turret  
  255  13:29  Unknown x2  
  255  13:45  Marine x2  
  255  13:46  SCV x6, Marine x2  
  255  13:47  Unknown  
  255  13:49  Unknown x4  
  255  13:50  Siege Tank x5  
  255  13:53  Medivac  
  255  13:56  Unknown x16  
  267  14:15  Unknown x4  
  267  14:19  Starport  
  267  14:21  Barracks  
  267  14:45  Siege Tank x5  
  267  14:59  Unknown x11  
  267  15:13  Unknown x4  
  267  15:42  Marine x2  
  267  15:43  Marine x4  
  267  15:52  Unknown x8  
  267  15:53  Unknown x16  
  267  15:55  Unknown x4  
  288  16:00  Barracks  
  288  16:04  Barracks  
  288  16:06  Unknown x4  
  288  16:07  Unknown x8  
  288  16:08  Unknown x4  
  276  16:10  Unknown x5  
Show
View Real Time Build Order
Export as new Build Order

Player 2 Protoss - Winner!

Build Orders:  

Get SALT Encoding   

    0:17  Unknown x4  
    0:25  Unknown x3  
    2:24  Unknown x4  
    3:33  Pylon  
    5:54  Pylon  
    7:36  Probe (Chrono Boost)  
    7:56  Pylon  
    8:03  Probe (Chrono Boost)  
    8:29  Probe (Chrono Boost)  
    8:55  Probe (Chrono Boost)  
    9:22  Probe (Chrono Boost)  
    9:48  Probe (Chrono Boost)  
    10:15  Probe (Chrono Boost)  
    10:41  Probe (Chrono Boost)  
    10:43  Pylon  
    11:08  Probe (Chrono Boost)  
    11:34  Probe (Chrono Boost)  
    12:00  Probe (Chrono Boost)  
    12:22  Unknown x4  
    12:23  Unknown x4  
    12:27  Probe (Chrono Boost)  
    12:53  Probe (Chrono Boost)  
    13:20  Probe (Chrono Boost)  
    13:46  Probe (Chrono Boost)  
    14:13  Probe (Chrono Boost)  
    14:22  Unknown x4  
    14:39  Probe (Chrono Boost)  
    15:06  Probe (Chrono Boost)  
    15:32  Probe (Chrono Boost)  
    15:38  Pylon  
Tags
 
Composition
Bio Tank
Matchup
PvT
Spawn Locations
Cross Positions
Add a new tag
Caveats
  • Supply blocks, unpowered buildings, or Contaminate may cause inaccurate times.
  • Supply counts are checked every 10 seconds.